 Dungeon Crawl Stone Soup version 0.31.0-9-g3a7656b989 (webtiles) character file.

Game seed: 10789362183681094846

165 MrIGI the Ruffian (level 5, -2/5 HPs)
             Began as a Troll Fighter on Feb 1, 2024.
             Incinerated by a bombardier beetle (4 damage)
             ... with a burning spray
             ... on level 3 of the Dungeon.
             The game lasted 00:03:50 (1928 turns).

MrIGI the Ruffian (Troll Fighter)                   Turns: 1928, Time: 00:03:51

Health: -2/5       AC:  2    Str: 26    XL:     5   Next: 22%
Magic:  4/4        EV:  9    Int:  4    God:
Gold:   126        SH:  8    Dex:  9    Spells: 4/4 levels left

rFire   . .          .
                       - Unarmed
rCold   . . .        b - +0 kite shield
rNeg    . . .        a - melded +0 robe
rPois   .            (helmet restricted)
rElec   .            (no cloak)
rCorr   .            (gloves unavailable)
SInv    .            (boots unavailable)
Will    .....        (no amulet)
Stlth   +            (no ring)
HPRegen 1.00/turn    (no ring)
MPRegen 0.09/turn

%: no passive effects
@: on fire, maw-form, glowing
A: devouring maw, reduced hp, large, unfitting armour, claws 3, regeneration 1,
shaggy fur 1, tough skin 1
a: Begin Untransformation


You were on level 3 of the Dungeon.
You were a creature with a mouth for a stomach.
You visited 1 branch of the dungeon, and saw 3 of its levels.

You collected 126 gold pieces.

Inventory:

Missiles
 f - 9 javelins (quivered)
Armour
 a - a +0 robe (melded)
 b - a +0 kite shield (worn)
Talismans
 l - a maw talisman (active)
Scrolls
 e - 3 scrolls of identify {unknown}
 h - a scroll of acquirement {unknown}
 i - 3 scrolls of teleportation {unknown}
 k - 2 scrolls of noise {unknown}
 m - a scroll of amnesia {unknown}
Potions
 c - a potion of might
 d - 3 potions of curing {unknown}
 g - 2 potions of attraction {unknown}
 j - 2 potions of heal wounds {unknown}
 n - 2 potions of lignification {unknown}


   Skills:
 + Level 2.7 Fighting
 + Level 2.9 Dodging
 + Level 3.4 Shields
 * Level 4.2 Unarmed Combat


You had 4 spell levels left.
You didn't know any spells.
Your spell library contained the following spells:

 Spells                   Type           Power      Damage    Failure   Level
 Magic Dart               Conj           0%         1d3       75%         1
 Blink                    Tloc           0%         N/A       87%         2
 Call Imp                 Summ           0%         N/A       87%         2


Dungeon Overview and Level Annotations

Branches:
Dungeon (3/15)

Altars:
Elyvilon


Innate Abilities, Weirdness & Mutations

You are a creature with a mouth for a stomach.
Your midsection houses a second, enormous mouth.
Your maximum health is decreased, since you lack skill for your form.
You are too large for most types of armour.
You have claws for hands.
Your natural rate of healing is unusually fast.
You are covered in fur. (AC +1)
You have tough skin. (AC +1)


Message History

Your +0 robe melds into your body.
An endoplasm comes into view.
The endoplasm moves out of view.
The endoplasm quivers.
Items here: ))) ††.
You claw the endoplasm!
You kill the endoplasm!
Found a dagger.
There is an open door here.
There is an open door here.
A kobold comes into view. It is wielding a +0 rapier.
There is an open door here.
The kobold shouts!
There is a dry fountain here.
You claw the kobold!
You kill the kobold!
No target in view!
No target in view!
There is an open door here.
A bombardier beetle comes into view.
You barely miss the bombardier beetle. Your bite misses the bombardier beetle.
You scratch the bombardier beetle but do no damage.
You bite the bombardier beetle, but do no damage.
The bombardier beetle sprays incendiary fluid at you.
The burning spray hits you.
You are covered in liquid fire!
You claw the bombardier beetle!
You bite the bombardier beetle, but do no damage.
The bombardier beetle is heavily wounded.
The liquid fire burns you!
Ouch! That really hurt!
* * * LOW HITPOINT WARNING * * *
You are too injured to fight recklessly!
You are too injured to fight recklessly!
You are too injured to fight recklessly!
You completely miss the bombardier beetle.
The bombardier beetle is heavily wounded.
The liquid fire burns you!
Ouch! That really hurt!
You die...

# ##### ....# ###
###.# ##.##
###.#####...######
#................#
#.#.#####...####.#
..#.# ##.## #.#
....# ### #W#
...## #..B..# ##.#
#.#.#.# ##.
#.#.#.# ##. . ...
. ## .# #.# .# .#
.# ##. # .# ## .
.#


You could see a bombardier beetle.

Vanquished Creatures
  Jessica (D:3)
  4 gnolls (D:3)
  3 adders
  A dart slug (D:2)
  2 ribbon worms (D:3)
  7 endoplasms
  A giant cockroach (D:1)
  4 goblins
  4 hobgoblins
  7 jackals
  5 kobolds
  7 quokkas
  4 ball pythons
  6 bats
  7 frilled lizards
  2 rats
65 creatures vanquished.

Notes
Turn   | Place    | Note
-------+----------+-------------------------------------------
     0 | D:1      | MrIGI the Troll Fighter began the quest for the Orb.
     0 | D:1      | Reached XP level 1. HP: 22/22 MP: 0/0
    93 | D:1      | Reached XP level 2. HP: 29/29 MP: 1/1
   573 | D:1      | Reached XP level 3. HP: 36/36 MP: 2/2
  1291 | D:2      | Reached skill level 3 in Unarmed Combat
  1305 | D:2      | Reached XP level 4. HP: 44/44 MP: 3/3
  1517 | D:3      | Found a faded altar of an unknown god.
  1613 | D:3      | Found a white marble altar of Elyvilon.
  1704 | D:3      | Noticed Jessica
  1718 | D:3      | Killed Jessica
  1809 | D:3      | Reached skill level 4 in Unarmed Combat
  1809 | D:3      | Reached XP level 5. HP: 50/50 MP: 4/4
  1928 | D:3      | Incinerated by a bombardier beetle

Illustrated notes

Levels and vault maps discovered:
D:1:      zelgadis_glass_arrival_small, layout_basic
D:2:      layout_loops_corners
D:3:      layout_loops_cross, lemuel_crystal_altar, basic_ecumenical_altar,
          nicolae_hexahallways, uniq_jessica

Skill      XL: |  1  2  3  4 |
---------------+-------------+-----
Shields        | 3 |  3.4
Unarmed Combat | 3 4 |  4.2
Fighting       | |  2.7
Dodging        | |  2.9

Action                     |  1- 3 |  4- 6 || total
---------------------------+-------+-------++-------
  Melee: Unarmed           |   114 |    86 ||   200
         Maw               |       |     2 ||     2
  Throw: Javelin           |     2 |       ||     2
   Stab: Sleeping          |     1 |       ||     1
 Armour: Robe              |    52 |    45 ||    97
  Dodge: Dodged            |    37 |    39 ||    76
  Block: Kite shield       |    45 |    35 ||    80
   Form: Maw               |       |     1 ||     1
